AoeStats
← ✚ Quentin [BOT]

Hideout

510176489Analyzed
1v1 RM · 1d ago on Sep 29, 2026· 51m 2s· 2 players
Game mode
Random Map
Map size
Tiny (2 player)
Population
200
Speed
Normal
Resources
Standard
Victory
Conquest
Starting age
Dark Age
Ending age
Imperial Age
RankedLock teamsTeams togetherTeam positionsShared explorationLock speedFull tech treeHidden civsTurbo modeCheats
Victory
Defeat
🇦🇹 Aztecs · Austria
1093
+16
🇬🇧 Ethiopians · United Kingdom
1085
-16
Grapist
5:00 Loom
10:43 Feudal Age
12:22 Double-Bit Axe
13:14 Gold Mining
15:28 Fletching
15:53 Padded Archer Armor
15:43 Horse Collar
23:10 Castle Age
21:26 Scale Mail Armor
22:41 Forging
23:31 Scale Barding Armor
23:56 Husbandry
23:25 Light Cavalry
24:50 Crossbowman
30:39 Iron Casting
33:32 Ballistics
39:37 Bodkin Arrow
42:41 Imperial Age
43:50 Bracer
44:17 Arbalester
47:26 Chemistry
✚ Quentin [BOT]
10:30 Feudal Age
14:24 Castle Age
12:38 Horse Collar
14:18 Double-Bit Axe
16:48 Scale Mail Armor
17:54 Eagle Warrior
20:57 Loom
24:15 Chain Mail Armor
24:45 Forging
25:15 Pikeman
25:56 Squires
26:29 Stone Mining
29:15 Gold Mining
30:46 Wheelbarrow
29:57 Town Watch
35:39 Imperial Age
34:36 Hand Cart
35:40 Iron Casting
34:56 Fletching
36:51 Conscription
37:24 Plate Mail Armor
37:55 Blast Furnace
36:29 Elite Eagle Warrior
41:15 Gold Shaft Mining
42:20 Arson
45:04 Garland Wars
46:12 Heavy Plow
47:25 Capped Ram
48:59 Siege Ram
49:46 Elite Jaguar Warrior
Connection lost

Rejoining the realm…

Still unreachable

The connection could not be restored.

Session expired

The server has moved on; the page needs a fresh start.